 Dungeon Crawl Stone Soup version 0.26.0-10-g1f06aea511 (webtiles) character file.

Game seed: 4822075758570330218

2068 inc the Gouger (level 9, -3/37 HPs)
             Began as a Felid Fighter on Jan 30, 2021.
             Was the Champion of Uskayaw.
             Slain by a wyvern (6 damage)
             ... on level 8 of the Dungeon.
             The game lasted 00:13:10 (8885 turns).

inc the Gouger (Felid Fighter)                      Turns: 8885, Time: 00:13:10

Health: -3/37      AC:  6    Str: 12    XL:     9   Next: 5%
Magic:  0/14       EV: 27    Int:  9    God:    Uskayaw [******]
Gold:   156        SH:  0    Dex: 19    Spells: 8/8 levels left
                                        Lives:  0   Deaths: 2

rFire    . . .     SeeInvis +     - Unarmed
rCold    . . .     Faith    +   (shield unavailable)
rNeg     . . .     Spirit   .   (armour unavailable)
rPois    .         Reflect  .   (helmet unavailable)
rElec    .         Harm     .   (cloak unavailable)
rCorr    .         Rampage  .   (gloves unavailable)
Will     +....                  (boots unavailable)
Stlth    ++........             l - amulet of faith
HPRegen  0.12/turn              d - +4 ring of protection
MPRegen  0.14/turn              (no ring)

@: quick
A: very small, no armour, no weapons or thrown items, stealth, claws 1, fangs 3,
see invisible, speed 1, shaggy fur 2, sharp paws
a: Renounce Religion, Stomp, Line Pass, Grand Finale


You were on level 8 of the Dungeon.
You worshipped Uskayaw.
Uskayaw was noncommittal.
You visited 2 branches of the dungeon, and saw 9 of its levels.

You collected 332 gold pieces.
You spent 176 gold pieces at shops.

Inventory:

Jewellery
 d - a +4 ring of protection (left paw)
 l - an amulet of faith (around neck)
 o - the ring of Suicidal Tendencies {rPois MP+9 EV-4}
   (You found it on level 6 of the Dungeon)

   [ring of evasion]

   It affects your evasion (-4).
   It protects you from poison.
   It affects your magic capacity (+9).
 r - an uncursed ring of stealth {unknown}
Wands
 m - a wand of disintegration (18)
Scrolls
 b - 6 scrolls of teleportation {unknown}
 c - 3 scrolls of identify {unknown}
 e - 4 scrolls of remove curse
 g - 4 scrolls of amnesia {unknown}
 h - 4 scrolls of immolation {unknown}
 k - a scroll of fog {unknown}
 n - 2 scrolls of noise {unknown}
 q - a scroll of magic mapping {unknown}
Potions
 a - a potion of ambrosia {unknown}
 f - a potion of resistance {unknown}
 i - a potion of degeneration {unknown}
 j - a potion of curing {unknown}
 p - a potion of brilliance {unknown}
 s - 2 potions of mutation


   Skills:
 - Level 3.0 Fighting
 - Level 10.3 Dodging
 + Level 11.0 Unarmed Combat
 - Level 6.3 Invocations


You had 8 spell levels left.
You didn't know any spells.
Your spell library contained the following spells:

 Spells                   Type           Power        Failure   Level
 Corona                   Hex            0%           38%         1
 Ensorcelled Hibernation  Hex/Ice        0%           52%         2
 Confusing Touch          Hex            0%           77%         3
 Dazzling Flash           Conj/Hex       0%           77%         3
 Tukima's Dance           Hex            0%           77%         3


Dungeon Overview and Level Annotations

Branches:
Dungeon (8/15)             Temple (1/1) D:5
   Lair: D:8-11

Altars:
Cheibriados
Dithmenos
Elyvilon
Fedhas
Gozag
Hepliaklqana
Kikubaaqudgha
Makhleb
Nemelex Xobeh
Okawaru
Qazlal
Sif Muna
Trog
Uskayaw
Vehumet
Wu Jian
Yredelemnul
Zin
The Shining One

Shops:
D:7 !


Innate Abilities, Weirdness & Mutations

You cannot wear armour.
You are incapable of wielding weapons or throwing items.
Your paws allow you to move quietly. (Stealth)
You have sharp claws.
You have razor-sharp teeth.
You have supernaturally acute eyesight. (SInv)
You cover ground quickly.
You are covered in thick fur. (AC +2)
Your sharp claws are effective at attacking unaware monsters.


Message History

The wight is almost destroyed.
You destroy the wight!
The big kobold closely misses you. The wight hits you with a +0 trident.
* * * LOW HITPOINT WARNING * * *
The orc wizard gestures at you while chanting.
The magic dart hits you.
* * * LOW HITPOINT WARNING * * *
A sky beast comes into view.
The kobold throws a stone.
The stone completely misses you.
The stone closely misses the wyvern.
The wyvern completely misses you. The wight completely misses you.
The orc wizard gestures wildly while chanting.
The orc wizard blinks!
Things that are here:
a +0 giant spiked club; an ogre corpse The big kobold throws a stone.
The stone barely misses you. The bullfrog completely misses you.
The wyvern hisses menacingly.
The wyvern bites you.
You die...

##......†.....#
#.....#≈##....#
#<..###≈≈#≈#..# #...#
≈≈≈≈≈#..#
#..#≈≈#≈≈#≈##.#######
...#≈≈≈≈≈≈≈≈#....(..###.
#..#≈≈#≈≈≈#≈≈......(....
...##≈≈≈≈≈≈##...........
.... ≈≈≈#≈≈#(TKl@.......
#≈≈##≈(.FK#######.
.##≈≈()o)#.#
..§...)z.oo#
.......o..##
..................
......###......##.#
.......#.......# .#
................ .


You could see a troll, a wyvern, a big kobold, a bullfrog, a wight, an orc
wizard (fast), 2 orcs and a kobold.

Vanquished Creatures
  Joseph (D:7)
  Prince Ribbit (D:6)
  Edmund (D:6)
  An orc warrior (D:6)
  A sky beast (D:7)
  2 phantoms
  An ice beast (D:7)
  6 ogres
  2 wolves (D:8)
  2 centaurs
  3 bullfrogs
  2 scorpions (D:7)
  8 killer bees (D:8)
  2 howler monkeys (D:8)
  6 wights
  3 orc priests
  7 hounds
  4 orc wizards
  A bullfrog skeleton (D:7)
  3 worker ants
  2 hound zombies (D:5)
  10 adders
  3 gnolls (D:2)
  3 white imps
  2 ufetubi
  An ooze (D:5)
  4 worms
  A dart slug (D:2)
  2 leopard geckos
  27 orcs
  2 giant cockroaches (D:2)
  6 hobgoblins
  10 jackals
  3 quokkas
  A ball python (D:1)
  6 bats
  2 frilled lizards
  9 goblins
  A jackal skeleton (D:6)
  8 kobolds
  2 leopard gecko skeletons
  A leopard gecko zombie (D:7)
  5 rats
168 creatures vanquished.

Notes
Turn   | Place    | Note
-------+----------+-------------------------------------------
     0 | D:1      | inc the Felid Fighter began the quest for the Orb.
     0 | D:1      | Reached XP level 1. HP: 10/10 MP: 2/2
   230 | D:1      | Reached XP level 2. HP: 9/14 MP: 3/3
   428 | D:1      | Reached skill level 5 in Dodging
   772 | D:2      | Reached XP level 3. HP: 14/17 MP: 4/4
  1435 | D:2      | Reached XP level 4. HP: 21/21 MP: 5/5
  3020 | D:4      | Reached XP level 5. HP: 2/24 MP: 6/6
  3375 | D:4      | Found a hazy altar of Hepliaklqana.
  3557 | D:4      | Found an iron altar of Okawaru.
  3607 | D:4      | Gained mutation: You are covered in thick fur. (AC +2)
                  | [Felid growth]
  3607 | D:4      | Reached XP level 6. HP: 20/28 MP: 7/7
  4285 | D:4      | Found an ancient bone altar of Kikubaaqudgha.
  4405 | D:4      | Found a sparkling altar of Nemelex Xobeh.
  4408 | D:4      | Found a basalt altar of Yredelemnul.
  4648 | D:5      | Entered Level 5 of the Dungeon
  4936 | D:5      | Reached skill level 5 in Unarmed Combat
  4943 | D:5      | HP: 1/28 [orc priest/divine providence (10)]
  5557 | D:5      | Reached XP level 7. HP: 31/31 MP: 8/8
  5740 | D:5      | Found a staircase to the Ecumenical Temple.
  5749 | Temple   | Entered the Ecumenical Temple
  5827 | Temple   | Became a worshipper of Uskayaw the Reveller
  5894 | D:6      | Reached * piety under Uskayaw
  5904 | D:6      | Reached ** piety under Uskayaw
  6008 | D:6      | Noticed Prince Ribbit
  6345 | D:6      | Got a brightly glowing tin ring
  6347 | D:6      | Identified the cursed ring of Suicidal Tendencies {rPois
                  | MP+9 EV-4} (You found it on level 6 of the Dungeon)
  6474 | D:6      | Reached *** piety under Uskayaw
  6479 | D:6      | Reached **** piety under Uskayaw
  6481 | D:6      | Reached skill level 10 in Dodging
  6497 | D:6      | HP: 1/31 [orc wizard/magic dart (6)]
  6824 | D:6      | Reached skill level 6 in Unarmed Combat
  6993 | D:6      | Slain by Prince Ribbit
  6994 | D:6      | Reached XP level 6. HP: -2/28 MP: 7/7
  7151 | D:6      | Noticed Edmund
  7159 | D:6      | Killed Prince Ribbit
  7160 | D:6      | Reached XP level 7. HP: 26/31 MP: 7/10
  7162 | D:6      | Reached ***** piety under Uskayaw
  7163 | D:6      | Killed Edmund
  7481 | D:7      | Reached skill level 5 in Invocations
  7628 | D:7      | Reached XP level 8. HP: 33/34 MP: 13/13
  7688 | D:7      | Found Qosesuatann's Distillery.
  7893 | D:7      | Bought 2 potions of mutation for 176 gold pieces
  7951 | D:7      | Noticed Joseph
  7975 | D:7      | HP: 1/34 [Joseph/+0 quarterstaff (17)]
  7983 | D:7      | Killed Joseph
  7984 | D:7      | Reached skill level 7 in Unarmed Combat
  8212 | D:7      | Reached skill level 8 in Unarmed Combat
  8549 | D:7      | Reached XP level 9. HP: 12/37 MP: 14/14
  8796 | D:8      | Reached skill level 9 in Unarmed Combat
  8805 | D:8      | Noticed a troll
  8809 | D:8      | Slain by a killer bee
  8810 | D:8      | Reached XP level 8. HP: -4/34 MP: 3/13
  8829 | D:8      | Reached ****** piety under Uskayaw
  8851 | D:8      | Reached skill level 10 in Unarmed Combat
  8872 | D:8      | Reached XP level 9. HP: 17/37 MP: 5/14
  8877 | D:8      | Reached skill level 11 in Unarmed Combat
  8885 | D:8      | Slain by a wyvern

Illustrated notes

Levels and vault maps discovered:
D:1:      tarquinn_simple_flora_water_e, layout_basic
D:2:      layout_basic
D:3:      layout_basic
D:4:      layout_cave_pods, okawaru_ov_weapons_minmay,
          lemuel_coloured_pillars_altar, lemuel_crystal_altar,
          chequers_temple_overflow_statue_of_worship
D:5:      layout_basic, temple_hall
D:6:      layout_loops_ring, st_stairs_14, uniq_prince_ribbit1, uniq_edmund
D:7:      minmay_evil_eye, layout_layer_cave, serial_shops,
          nicolae_shop_waterfront, uniq_joseph
D:8:      layout_rooms, nicolae_overflow_hidden_temple, xom_butterflies,
          erik_lair_island, kennysheep_crisscross, minmay_crystal_water,
          minivault_4, chequers_big_river, grunt_ministairs_6
Temple:   zaba_magenta_temple

Skill      XL: |  1  2  3  4  5  6  7  8  9 |
---------------+----------------------------+-----
Dodging        | 5 6 7 8 9 10 | 10.3
Unarmed Combat | 5 6 10 11 | 11.0
Invocations    | 3 5 6 |  6.3
Fighting       | |  3.0

Action                   |  1- 3 |  4- 6 |  7- 9 || total
-------------------------+-------+-------+-------++-------
Melee: Unarmed           |    82 |   247 |   315 ||   644
       Bite              |     5 |    28 |    31 ||    64
       Punch             |     1 |     8 |     7 ||    16
Invok: Stomp             |       |       |     9 ||     9
  Use: Potion            |       |     1 |     2 ||     3
       Scroll            |       |       |     1 ||     1
 Stab: Sleeping          |     4 |     5 |     3 ||    12
       Paralysed         |       |     1 |    13 ||    14
Armor: Skin              |     3 |    10 |    27 ||    40
Dodge: Dodged            |    76 |   216 |   351 ||   643
